[Event "FRA-ch Youth U12 2018"]
[Site "Agen"]
[Date "2018.04.20"]
[Round "7"]
[White "Riss, Selenia"]
[Black "Berezovsky, Fiorina"]
[Result "0-1"]
[ECO "B24"]
[WhiteElo "1138"]
[BlackElo "1678"]
[Annotator "NA"]
[PlyCount "106"]
[EventDate "2018.??.??"]
[EventType "swiss"]
[EventCountry "FRA"]
[SourceTitle "playchess.com"]
[Source "ChessBase"]
[SourceQuality "1"]
[TimeControl "5400+30"]

1. e4 c5 2. Nc3 Nc6 3. g3 g6 4. Bg2 Bg7 5. f4 d6 6. d3 e6 7. Be3 Nge7 8. Nf3 O-O 9. O-O b6 10. Bf2 d5 11. e5 d4 12. Ne2 Nd5 13. Qd2 h6 14. h3 Bb7 15. g4 Nce7 16. h4 Qd7 17. Ng3 Rac8 18. h5 a6 19. Ne4 gxh5 20. gxh5 Nf5 21. Rae1 Nde3 22. Bxe3 dxe3 23. Rxe3 Nxe3 24. Qxe3 Rfd8 25. Kh1 Bxe4 26. Qxe4 Qc6 27. Qe1 Qa4 28. Qd2 Qb4 29. c3 Qb5 30. d4 cxd4 31. cxd4 Qa5 32. Qxa5 bxa5 33. Rf2 Rc1+ 34. Kh2 Rdc8 35. b3 R8c2 36. Rxc2 Rxc2 37. a4 Rb2 38. Kg3 Rxb3 39. Bf1 Ra3 40. Bxa6 Rxa4 41. Nd2 Rxd4 42. Nb3 Rb4 43. Nc1 a4 44. Na2 Rb3+ 45. Kg4 f5+ 46. exf6 Bxf6 47. Bc4 Rb6 48. f5 Kf7 49. fxe6+ Ke7 50. Kf5 a3 51. Kg6 Bg5 52. Kf5 Rb2 53. Ke5 Rh2 0-1

[Event "FRA-ch Youth U12 2018"]
[Site "Agen"]
[Date "2018.04.21"]
[Round "8"]
[White "Droin, Augustin"]
[Black "Trabet, Mathis"]
[Result "1-0"]
[ECO "B70"]
[WhiteElo "1975"]
[BlackElo "1909"]
[Annotator "NA"]
[PlyCount "115"]
[EventDate "2018.??.??"]
[EventType "swiss"]
[EventCountry "FRA"]
[SourceTitle "playchess.com"]
[Source "ChessBase"]
[SourceQuality "1"]
[TimeControl "5400+30"]

1. e4 c5 2. Nf3 d6 3. d4 cxd4 4. Nxd4 Nf6 5. Nc3 g6 6. h3 a6 7. g4 {[%emt 0:06:10] B90: Sicilian Najdorf: Unusual White 6th moves, 6 Be3 Ng4 and 6 Be3 e5} (7. g3 Nc6 8. Be3 Bg7 9. Bg2 O-O 10. O-O Nd7 11. b3 Nxd4 12. Bxd4 Bxd4 13. Qxd4 b6 14. Nd5 Bb7 {½-½ (40) Carlsen,M (2832)-Nakamura,H (2785) Stavanger 2017}) 7... b5 8. Bg2 Bb7 9. Qe2 $146 ({White should try Predecessor:} 9. O-O $14 Nbd7 10. Re1 e5 11. Nde2 h5 12. Bg5 hxg4 13. hxg4 Be7 14. Ng3 Rc8 {0-1 (36) Drori,S (2420)-Ponkratov,P (2613) Batumi 2018}) 9... Qc7 10. Bg5 Bg7 11. O-O-O Nbd7 12. Nd5 Nxd5 13. exd5 Nf6 (13... O-O $11) 14. Rhe1 h6 15. Bh4 Rd8 16. f4 Rd7 17. Nc6 Nxd5 18. Bxd5 Bxc6 19. Bxc6 Qxc6 20. Bxe7 Qc4 21. Qxc4 bxc4 22. Bxd6+ Kd8 23. Be5 f6 24. Bc3 g5 25. Re4 Re8 26. Rxc4 Rxd1+ 27. Kxd1 Re3 28. fxg5 hxg5 29. Rd4+ $18 Ke7 30. Rd3 Re6 31. Kd2 Kf7 32. a4 Bf8 33. Rd5 Bd6 34. Kd3 Bf4 35. Bd2 Bg3 36. b4 Rb6 37. c4 Ke6 38. Ke4 Rb8 39. Bc3 Bf4 40. Rf5 Rc8 41. Rxf6+ Ke7 42. Rxa6 Rxc4+ 43. Kd3 Rc8 44. b5 Kd7 45. Bd2 Bxd2 46. Kxd2 Rh8 47. Rg6 Rxh3 48. Rxg5 Ra3 49. Rd5+ Ke6 50. Rd4 Ke5 51. Rb4 Rh3 52. b6 Rh2+ 53. Kc3 Rh8 54. b7 Rb8 55. a5 Kd6 56. a6 Kc7 57. a7 Rh8 58. b8=Q+ 1-0

[Event "FRA-ch Youth U12 2018"]
[Site "Agen"]
[Date "2018.04.21"]
[Round "8"]
[White "Patole, Noam"]
[Black "Mekhane, Adam"]
[Result "1-0"]
[ECO "C48"]
[WhiteElo "1903"]
[BlackElo "1907"]
[Annotator "NA"]
[PlyCount "137"]
[EventDate "2018.??.??"]
[EventType "swiss"]
[EventCountry "FRA"]
[SourceTitle "playchess.com"]
[Source "ChessBase"]
[SourceQuality "1"]
[TimeControl "5400+30"]

1. e4 e5 2. Nf3 Nc6 3. Nc3 Nf6 4. Bb5 Nd4 5. Bc4 Bc5 6. d3 d6 7. h3 {[%emt 0:03:08] C48: Four Knights: 4 Bb5, replies other than 4...Bb4} (7. Na4 b5 8. Nxd4 bxc4 9. Nf5 Bxf5 10. exf5 cxd3 11. Nxc5 dxc5 12. cxd3 Qd7 13. Qf3 O-O 14. O-O Rfd8 {½-½ (28) Wei,Y (2743)-Caruana,F (2811) Wijk aan Zee 2018}) 7... O-O 8. O-O {[%emt 0:06:35] LiveBook: 6 Games} c6 9. Bg5 (9. Nxd4 $11 Bxd4 10. Qf3) 9... a5 $146 ({Predecessor:} 9... b5 10. Bb3 a5 11. a4 Nxb3 12. cxb3 b4 13. Ne2 h6 14. Bh4 Re8 {0-1 (38) Moradiabadi,E (2574)-Villanueva,M (2425) chess.com INT 2017}) 10. a4 Be6 11. Nxd4 exd4 12. Ne2 Bxc4 13. dxc4 h6 14. Bxf6 Qxf6 15. Qd3 Rad8 16. Rad1 d5 17. cxd5 cxd5 18. exd5 Rxd5 19. Nc3 Rd7 20. Ne4 Qb6 21. Qc4 Rc8 22. Rd3 Qb4 23. Qxb4 axb4 24. Rfd1 Ba7 25. c3 bxc3 26. Nxc3 dxc3 27. Rxd7 cxb2 28. Rxb7 Rc1 29. Rf1 Bd4 30. a5 Ra1 31. Rb8+ Kh7 32. Rb5 Bc3 33. Rb3 Bd4 34. Rb5 Kg6 35. g4 Kf6 36. Rb4 Ke5 37. Kg2 Bc3 38. Rb5+ Kd4 39. Rxb2 Rxf1 40. Kxf1 Bxa5 41. Rb7 Bc3 42. Rxf7 Ke4 43. Ke2 Kd5 44. f4 Ke6 45. Rb7 Kf6 46. Kd3 Be1 47. Ke4 Bf2 48. Rc7 Be1 49. Rc6+ Kf7 50. Kf5 Ba5 51. g5 hxg5 52. fxg5 Ke7 53. Kg6 Bd2 54. h4 Be1 55. h5 Bh4 56. h6 gxh6 57. gxh6 Bg3 58. h7 Be5 59. Rc8 Kd7 60. Rg8 Kc6 61. Rg7 Bxg7 62. Kxg7 Kd5 63. h8=Q Ke5 64. Qh4 Kf5 65. Qd4 Kg5 66. Qe4 Kh5 67. Qg2 Kh4 68. Kf6 Kh5 69. Qh3# 1-0

[Event "FRA-ch Youth U12 2018"]
[Site "Agen"]
[Date "2018.04.21"]
[Round "8"]
[White "Warnier, Yanis"]
[Black "Morais, Thomas"]
[Result "1/2-1/2"]
[ECO "B43"]
[WhiteElo "1657"]
[BlackElo "1706"]
[Annotator "NA"]
[PlyCount "76"]
[EventDate "2018.??.??"]
[EventType "swiss"]
[EventCountry "FRA"]
[SourceTitle "playchess.com"]
[Source "ChessBase"]
[SourceQuality "1"]
[TimeControl "5400+30"]

1. e4 c5 2. Nf3 e6 3. d4 cxd4 4. Nxd4 a6 5. Nc3 Qc7 6. Be2 Bb4 7. O-O Nf6 8. Be3 Bxc3 9. bxc3 Nxe4 10. c4 Nc3 11. Qd3 Nxe2+ 12. Nxe2 b5 13. Qc3 O-O 14. cxb5 Qxc3 15. Nxc3 axb5 16. Nxb5 Ba6 17. Rfb1 Bxb5 18. Rxb5 Nc6 19. a4 Rfb8 20. Rab1 h6 21. Rxb8+ Rxb8 22. Rxb8+ Nxb8 23. Bc5 Na6 24. Ba3 f6 25. Kf1 d5 26. Ke2 Kf7 27. Kd3 e5 28. c4 Ke6 29. cxd5+ Kxd5 30. Bf8 g6 31. Bxh6 Nc5+ 32. Ke3 Nxa4 33. Kf3 Nc5 34. h4 e4+ 35. Ke3 Ne6 36. f3 exf3 37. Kxf3 Ke5 38. Be3 f5 1/2-1/2

[Event "FRA-ch Youth U12 2018"]
[Site "Agen"]
[Date "2018.04.21"]
[Round "8"]
[White "Beurois, Alexandre"]
[Black "Maurizzi, Marc Andria"]
[Result "0-1"]
[ECO "A40"]
[WhiteElo "1604"]
[BlackElo "2119"]
[Annotator "NA"]
[PlyCount "66"]
[EventDate "2018.??.??"]
[EventType "swiss"]
[EventCountry "FRA"]
[SourceTitle "playchess.com"]
[Source "ChessBase"]
[SourceQuality "1"]
[TimeControl "5400+30"]

1. d4 e6 2. c4 b6 3. Nc3 Bb7 4. Nf3 f5 5. Bf4 Nf6 6. e3 Bb4 {[%emt 0:01:40] LiveBook: 6 Games A40: Unusual replies to 1 d4} 7. Be2 O-O 8. O-O Bxc3 9. bxc3 Ne4 10. Rc1 (10. Qc2 d6 11. Nd2 Nxd2 12. Qxd2 {½-½ (44) Kraus,T (2420)-Stocek,J (2566) Prague 2017}) 10... d6 11. Nd2 $146 ({Predecessor:} 11. h3 Nd7 12. Nd2 Qe7 13. Nxe4 Bxe4 14. Bf3 Nf6 {1-0 (41) Temiz,E (1485)-Ozenir,E (1921) Batumi 2014}) 11... Nxd2 12. Qxd2 Nd7 13. Rfd1 Qf6 14. Rb1 g5 15. Bg3 {[%emt 0:07:38] [#]} f4 $1 16. exf4 gxf4 17. Qd3 fxg3 18. Qxg3+ Kh8 19. f3 Rg8 20. Qh3 $19 Rg7 21. Rf1 Rag8 22. Rf2 Rg6 23. g3 Rh6 24. Qf1 Nf8 25. c5 Ng6 26. Qc1 Nf4 27. Bf1 Nh3+ 28. Bxh3 Rxh3 29. Qe3 Qg6 30. Re1 Rxg3+ 31. hxg3 Qxg3+ 32. Kf1 Ba6+ 33. Rfe2 Qg2# 0-1

[Event "FRA-ch Youth U12 2018"]
[Site "Agen"]
[Date "2018.04.21"]
[Round "8"]
[White "Pentcheff, Laura"]
[Black "Berezovsky, Fiorina"]
[Result "1/2-1/2"]
[ECO "A56"]
[WhiteElo "1512"]
[BlackElo "1678"]
[Annotator "NA"]
[PlyCount "78"]
[EventDate "2018.??.??"]
[EventType "swiss"]
[EventCountry "FRA"]
[SourceTitle "playchess.com"]
[Source "ChessBase"]
[SourceQuality "1"]
[TimeControl "5400+30"]

1. d4 Nf6 2. c4 c5 3. Nf3 cxd4 4. Nxd4 e5 5. Nb5 d5 6. cxd5 Bc5 7. g3 a6 8. N5c3 e4 9. Bg2 Bf5 10. Nxe4 Bxe4 11. Bxe4 Bxf2+ 12. Kxf2 Nxe4+ 13. Kg2 O-O 14. Be3 Nd7 15. Qb3 Ndf6 16. Rd1 Qd7 17. Nd2 Nxd2 18. Rxd2 Ne4 19. Rd4 Rfe8 20. Rb4 b5 21. Qd3 Qe7 22. a3 Nxg3 23. hxg3 Qxe3 24. Qxe3 Rxe3 25. Kf2 Rae8 26. Re1 R3e5 27. Rd4 Re4 28. Rxe4 Rxe4 29. Rd1 Kf8 30. d6 Ke8 31. d7+ Kd8 32. Rd6 Re6 33. Rd5 Re7 34. Rd6 Rxd7 35. Rxa6 Rd2 36. b4 Rd4 37. Ra7 Ke8 38. Rb7 Rd5 39. Ra7 h5 1/2-1/2

[Event "FRA-ch Youth U12 2018"]
[Site "Agen"]
[Date "2018.04.21"]
[Round "8"]
[White "Costa, My-Lan"]
[Black "Cornileau, Juliette"]
[Result "0-1"]
[ECO "B24"]
[WhiteElo "1360"]
[BlackElo "1654"]
[Annotator "NA"]
[PlyCount "110"]
[EventDate "2018.??.??"]
[EventType "swiss"]
[EventCountry "FRA"]
[SourceTitle "playchess.com"]
[Source "ChessBase"]
[SourceQuality "1"]
[TimeControl "5400+30"]

1. e4 c5 2. Nc3 Nc6 3. Bb5 Nd4 4. Bc4 e6 5. Nf3 a6 6. Nxd4 cxd4 7. Ne2 b5 8. Bb3 Bc5 9. d3 h6 10. f4 Nf6 11. h3 Bb7 12. Ng3 Qc7 13. O-O O-O 14. e5 Nd5 15. Bxd5 Bxd5 16. Qe2 d6 17. Ne4 Qc6 18. Nxc5 dxc5 19. f5 exf5 20. Rxf5 Qg6 21. Rf2 Rfe8 22. Bf4 Re7 23. Re1 Rae8 24. Qd2 f6 25. e6 Rxe6 26. Rxe6 Rxe6 27. Re2 Rxe2 28. Qxe2 c4 29. a3 Qf5 30. Bh2 Qg5 31. Qf1 Qd2 32. Qf2 Qd1+ 33. Qf1 Qxc2 34. Bf4 Qxb2 35. Bc1 Qc2 36. Bf4 cxd3 37. Qf2 Qc3 38. Bd2 Qxa3 39. Qxd4 Bc4 40. Qc3 Qxc3 41. Bxc3 Kf7 42. Kf2 Ke6 43. Ke3 Kd5 44. Bb4 g5 45. g4 Ke6 46. Bc3 Bd5 47. Kxd3 Bg2 48. Ke3 Bxh3 49. Kf3 f5 50. gxf5+ Bxf5 51. Ke3 h5 52. Kf3 h4 53. Kg2 h3+ 54. Kh2 g4 55. Kg3 Kd5 0-1

[Event "FRA-ch Youth U12 2018"]
[Site "Agen"]
[Date "2018.04.21"]
[Round "8"]
[White "Gagua, Nani"]
[Black "Chachiachvili, Salome"]
[Result "1-0"]
[ECO "B01"]
[WhiteElo "1335"]
[BlackElo "1530"]
[Annotator "NA"]
[PlyCount "133"]
[EventDate "2018.??.??"]
[EventType "swiss"]
[EventCountry "FRA"]
[SourceTitle "playchess.com"]
[Source "ChessBase"]
[SourceQuality "1"]
[TimeControl "5400+30"]

1. e4 d5 2. exd5 Qxd5 3. Nc3 Qd8 4. Nf3 Nf6 5. Bc4 e6 6. d3 Be7 7. Bf4 a6 8. a4 Nc6 9. O-O O-O 10. Re1 b6 11. Ng5 h6 12. Nge4 Nd4 13. Nxf6+ Bxf6 14. Ne4 Be7 15. c3 Nf5 16. Qf3 Rb8 17. Qg4 Kh7 18. d4 Nd6 19. Nxd6 Bxd6 20. Bd3+ Kh8 21. Be5 Bxe5 22. Rxe5 Qf6 23. Qe4 g6 24. Qe3 Qg7 25. Qg3 Bb7 26. Rae1 a5 27. Qf4 g5 28. Qg4 f6 29. R5e3 Bc8 30. Qh5 f5 31. Bc4 Kh7 32. Bxe6 Bxe6 33. Rxe6 Rf7 34. Rxh6+ Qxh6 35. Qxf7+ Qg7 36. Qxf5+ Kg8 37. Qe6+ Kh8 38. Qe5 Qxe5 39. Rxe5 Rg8 40. Re7 Rc8 41. f3 c5 42. dxc5 Rxc5 43. Re6 Rc4 44. Rxb6 Rxa4 45. Kf2 Kh7 46. Ke3 Ra2 47. Kd3 Ra1 48. Ke3 Rh1 49. Rb5 Rxh2 50. Rxg5 a4 51. Rg4 Kh6 52. Kf2 Rh1 53. Rxa4 Rb1 54. Ra6+ Kg7 55. Rb6 Rc1 56. g4 Rc2+ 57. Kg3 Rc1 58. Kf4 Rc2 59. g5 Rd2 60. Kg4 Rg2+ 61. Kf5 Rf2 62. f4 Rg2 63. Rb7+ Kg8 64. Kf6 Re2 65. Rb8+ Kh7 66. g6+ Kh6 67. Rh8# 1-0

[Event "FRA-ch Youth U12 2018"]
[Site "Agen"]
[Date "2018.04.21"]
[Round "8"]
[White "Mirabel, Mathilde"]
[Black "Milojevic-Daim, Lola-Shaina"]
[Result "0-1"]
[ECO "B21"]
[WhiteElo "1212"]
[BlackElo "1316"]
[Annotator "NA"]
[PlyCount "44"]
[EventDate "2018.??.??"]
[EventType "swiss"]
[EventCountry "FRA"]
[SourceTitle "playchess.com"]
[Source "ChessBase"]
[SourceQuality "1"]
[TimeControl "5400+30"]

1. e4 c5 2. d4 cxd4 3. c3 d5 4. exd5 Qxd5 5. cxd4 Nc6 6. Nf3 Bg4 7. Nc3 Qd7 8. d5 Bxf3 9. gxf3 O-O-O 10. dxc6 Qxc6 11. Bh3+ e6 12. Qe2 Bb4 13. Bd2 Nf6 14. Rc1 Kb8 15. Bg5 Rd5 16. Bf4+ Ka8 17. a3 Nh5 18. Qe4 Bxc3+ 19. Rxc3 Qd7 20. Ke2 Rd8 21. Qe3 Qb5+ 22. Rd3 Rxd3 0-1

[Event "FRA-ch Youth U12 2018"]
[Site "Agen"]
[Date "2018.04.22"]
[Round "9"]
[White "Trabet, Mathis"]
[Black "Mekhane, Adam"]
[Result "1/2-1/2"]
[ECO "A22"]
[WhiteElo "1909"]
[BlackElo "1907"]
[Annotator "NA"]
[PlyCount "87"]
[EventDate "2018.??.??"]
[EventType "swiss"]
[EventCountry "FRA"]
[SourceTitle "playchess.com"]
[Source "ChessBase"]
[SourceQuality "1"]
[TimeControl "5400+30"]

1. c4 e5 2. Nc3 Nf6 3. g3 d5 4. cxd5 Nxd5 5. Bg2 Nb6 6. Nf3 Nc6 7. O-O Be7 8. b3 O-O 9. Bb2 Re8 {[%emt 0:02:30] A29: English Opening: Four Knights Variation with 4 g3} 10. Rc1 Bg4 (10... Bf8 11. d3 Bg4 12. h3 Bh5 13. Ne4 Rb8 14. Nc5 Bxc5 15. Rxc5 f6 16. a3 Qd7 17. b4 Bf7 18. Qc2 Rbc8 19. Rc1 a6 20. Nd2 Nd5 {1-0 (52) Eljanov,P (2711)-Ganguly,S (2650) Riadh 2017}) 11. Nb5 $146 (11. Ne4 $11) ({Predecessor:} 11. d3 Qd7 12. Ne4 f6 13. Nc5 Bxc5 14. Rxc5 Bh3 15. Bxh3 Qxh3 16. b4 a6 17. a4 {½-½ (63) Shetty,A (2403)-Gurevich,D (2471) Saint Louis 2017}) 11... a6 12. Nc3 Bf8 13. h3 Bh5 14. d3 Nd4 15. g4 Bg6 16. Nxd4 exd4 17. Ne4 Bxe4 18. Bxe4 Qh4 19. Kg2 f5 20. Bf3 Bd6 21. Rh1 Rad8 22. Bxd4 Nd7 23. Qc2 Ne5 24. Bxe5 Rxe5 25. Qc4+ Kh8 26. e3 (26. d4 $14 Ree8 27. Bxb7) 26... Rxe3 27. gxf5 Bf4 28. Bg4 Rg3+ 29. fxg3 Qxg3+ 30. Kf1 Be3 31. Rc2 Rd4 32. Qxc7 Rf4+ 33. Ke2 Rf2+ 34. Kd1 $2 ({White has to play} 34. Ke1 $18 Bd2+ 35. Kd1 Qxc7 36. Rxc7) 34... Rd2+ 35. Rxd2 Qxc7 36. Rc2 Qd8 37. Ke2 Bc5 38. Rf1 Qd4 39. Rf3 Qe5+ 40. Kf1 Qa1+ 41. Ke2 Qe5+ 42. Kf1 $11 Qa1+ 43. Ke2 Qd4 44. Kd1 1/2-1/2

[Event "FRA-ch Youth U12 2018"]
[Site "Agen"]
[Date "2018.04.22"]
[Round "9"]
[White "Gherghinoiu, Lucas"]
[Black "Morais, Thomas"]
[Result "1-0"]
[ECO "B43"]
[WhiteElo "1901"]
[BlackElo "1706"]
[Annotator "NA RC"]
[PlyCount "65"]
[EventDate "2018.??.??"]
[EventType "swiss"]
[EventCountry "FRA"]
[SourceTitle "playchess.com"]
[Source "ChessBase"]
[SourceQuality "1"]
[TimeControl "5400+30"]

1. e4 c5 2. Nf3 e6 3. d4 cxd4 4. Nxd4 a6 5. Nc3 Qc7 6. Bd3 Nf6 7. O-O Nc6 8. Nxc6 bxc6 9. Qe2 d5 10. e5 {[%emt 0:10:21] B46: Sicilian: Taimanov: 5 Nc3 a6} (10. Bg5 Bb7 11. f4 h6 12. Bh4 Be7 13. Bg3 O-O 14. e5 Ne8 15. f5 exf5 16. Bxf5 Qb6+ 17. Kh1 g6 {1-0 (34) Wei,Y (2740)-Ivanchuk,V (2732) Hoogeveen 2017}) 10... Nd7 11. f4 g6 {[%emt 0:06:33] LiveBook: 3 Games} 12. Kh1 Bg7 $146 ({Predecessor:} 12... Bb7 13. b3 c5 14. Na4 Nb6 15. Nxb6 Qxb6 16. c4 d4 17. Be4 Be7 {0-1 (29) Grigorjev,I (2254)-Ulko,J (2467) St Petersburg 2015}) 13. Bd2 O-O 14. Rf3 c5 15. b3 Bb7 16. Rh3 Rfd8 17. Rf1 Nf8 18. Qe1 Rac8 19. Na4 Qc6 $14 20. Ba5 Re8 21. Nb6 Rb8 22. Qe2 Nd7 23. Nxd7 Qxd7 24. Qf2 c4 25. Be2 cxb3 26. axb3 Qc6 27. Bd3 h6 28. Bd2 Kh7 29. f5 Qd7 30. f6 Bf8 31. Bxh6 d4 32. Bg7+ Kg8 33. Rh8# 1-0

[Event "FRA-ch Youth U12 2018"]
[Site "Agen"]
[Date "2018.04.22"]
[Round "9"]
[White "Strasser, Rouben"]
[Black "Patole, Noam"]
[Result "0-1"]
[ECO "C71"]
[WhiteElo "1681"]
[BlackElo "1903"]
[Annotator "NA RC"]
[PlyCount "86"]
[EventDate "2018.??.??"]
[EventType "swiss"]
[EventCountry "FRA"]
[SourceTitle "playchess.com"]
[Source "ChessBase"]
[SourceQuality "1"]
[TimeControl "5400+30"]

1. e4 e5 2. Nf3 Nc6 3. Bb5 a6 4. Ba4 d6 5. d4 b5 6. Bb3 Nxd4 7. Nxd4 exd4 8. Qxd4 c5 {[%emt 0:00:11] C71: Ruy Lopez: Deferred Steinitz Variation, sidelines} 9. Qd5 Be6 10. Qc6+ Bd7 11. Qd5 c4 12. Bxc4 bxc4 13. Qxc4 Be7 14. Nc3 Nf6 15. O-O (15. Bf4 O-O 16. O-O-O {0-1 (27) Garma,C (2322)-Demchenko,A (2611) Quezon City 2014}) 15... O-O 16. Bf4 Qb6 $146 17. b3 Rfc8 18. Qd3 Qc5 19. Bd2 Bd8 20. Rac1 Ba5 21. Nd5 Nxd5 22. exd5 Bf5 23. Qxf5 Bxd2 24. Rcd1 Qxc2 25. Qd7 Rd8 26. Qa4 Re8 27. Qd7 Re2 28. Qxd6 {[%emt 0:01:54] [#]} Rxf2 $1 29. Qd7 Be3 30. Kh1 h6 31. Qh3 Bf4 32. Qh4 Rxf1+ 33. Rxf1 Bg5 34. Qd4 Qe2 35. Rg1 Re8 36. Qa4 Qb5 37. Qa3 Rd8 38. d6 Bf4 39. Rd1 Qe2 40. Rg1 Rxd6 $19 41. Qa4 g5 42. h4 Rd1 43. Qa5 Qg4 0-1

[Event "FRA-ch Youth U12 2018"]
[Site "Agen"]
[Date "2018.04.22"]
[Round "9"]
[White "Berezovsky, Fiorina"]
[Black "Costa, My-Lan"]
[Result "0-1"]
[ECO "C56"]
[WhiteElo "1678"]
[BlackElo "1360"]
[Annotator "NA RC"]
[PlyCount "98"]
[EventDate "2018.??.??"]
[EventType "swiss"]
[EventCountry "FRA"]
[SourceTitle "playchess.com"]
[Source "ChessBase"]
[SourceQuality "1"]
[TimeControl "5400+30"]

1. e4 e5 2. Nf3 Nc6 3. Bc4 Nf6 4. d4 exd4 5. O-O Nxe4 6. Re1 d5 7. Bxd5 Qxd5 8. Nc3 Qd8 9. Nxe4 Be7 10. Bg5 Be6 11. Bxe7 Qxe7 12. Nxd4 O-O 13. Nxe6 fxe6 14. Qg4 Ne5 15. Qg3 Ng6 16. Ng5 Nf4 17. Qg4 e5 18. g3 Qxg5 19. Qxg5 Nh3+ 20. Kg2 Nxg5 21. Rxe5 Nf3 22. Re7 Nd4 23. Rxc7 Rf7 24. Rxf7 Kxf7 25. c3 Nc6 26. Rd1 Ke6 27. Re1+ Kf6 28. Rd1 Rd8 29. Rxd8 Nxd8 30. Kf3 Ne6 31. Ke4 Nc5+ 32. Kd4 b6 33. b4 Nd7 34. Kd5 Ne5 35. f4 Nf3 36. Kc6 Nxh2 37. Kb7 Nf1 38. Kxa7 Nxg3 39. Kxb6 h5 40. c4 h4 41. c5 Ne4 42. c6 h3 43. c7 Nd6 44. Kc6 Nc8 45. Kd7 Ne7 46. b5 h2 47. b6 h1=Q 48. c8=Q Nxc8 49. Kxc8 Qc6+ 0-1

[Event "FRA-ch Youth U12 2018"]
[Site "Agen"]
[Date "2018.04.22"]
[Round "9"]
[White "Cornileau, Juliette"]
[Black "Micheli, Elora"]
[Result "0-1"]
[ECO "B23"]
[WhiteElo "1654"]
[BlackElo "1438"]
[Annotator "NA RC"]
[PlyCount "152"]
[EventDate "2018.??.??"]
[EventType "swiss"]
[EventCountry "FRA"]
[SourceTitle "playchess.com"]
[Source "ChessBase"]
[SourceQuality "1"]
[TimeControl "5400+30"]

1. e4 c5 2. Nc3 e6 3. g3 Nf6 4. Bg2 Be7 5. f4 d5 6. d3 Nc6 7. Nf3 dxe4 8. Nxe4 Nxe4 9. dxe4 Qxd1+ 10. Kxd1 b6 11. b3 Bb7 12. Ke2 Nb4 13. Ne1 f5 14. a3 Nc6 15. Bb2 Kf7 16. Nd3 fxe4 17. Nf2 Bf6 18. c3 Na5 19. Nxe4 Ke7 20. b4 cxb4 21. axb4 Nc4 22. Ba3 Bxc3 23. Rac1 Nxa3 24. Rxc3 Nb5 25. Rd3 Rac8 26. Rhd1 Bxe4 27. Rd7+ Kf6 28. Bxe4 Nc3+ 29. Ke3 Nxd1+ 30. Rxd1 Rc3+ 31. Ke2 Rb3 32. Rd4 Rb2+ 33. Kd3 Rxh2 34. Rd7 Rh3 35. Rxa7 Rxg3+ 36. Kc4 Rg4 37. Kb5 Rxf4 38. Bc6 Rb8 39. Ra4 Rf5+ 40. Ka6 b5 41. Ra5 Rf4 42. Ka7 Rc8 43. Kb7 Rxc6 44. Kxc6 Rxb4 45. Kc5 Rb1 46. Ra2 b4 47. Rf2+ Ke7 48. Kc4 b3 49. Kc3 g5 50. Rh2 Kf6 51. Rxh7 g4 52. Rh8 e5 53. Rf8+ Kg5 54. Re8 Kf4 55. Rf8+ Ke4 56. Rg8 Kf3 57. Rf8+ Kg2 58. Re8 Re1 59. Kxb3 g3 60. Kc2 e4 61. Kd2 Rf1 62. Ke2 Rf2+ 63. Ke1 Kg1 64. Rxe4 g2 65. Rh4 Rf3 66. Ke2 Rf6 67. Rh8 Re6+ 68. Kd2 Rf6 69. Ke2 Rf5 70. Rh7 Rf4 71. Rh8 Re4+ 72. Kd3 Kf2 73. Rf8+ Ke1 74. Rg8 Re2 75. Ra8 Rd2+ 76. Kc3 g1=Q 0-1

[Event "FRA-ch Youth U12 2018"]
[Site "Agen"]
[Date "2018.04.22"]
[Round "9"]
[White "Schippke, Manon"]
[Black "Diez, Agathe"]
[Result "1-0"]
[ECO "C54"]
[WhiteElo "1485"]
[BlackElo "1373"]
[Annotator "NA RC"]
[PlyCount "43"]
[EventDate "2018.??.??"]
[EventType "swiss"]
[EventCountry "FRA"]
[SourceTitle "playchess.com"]
[Source "ChessBase"]
[SourceQuality "1"]
[TimeControl "5400+30"]

1. e4 e5 2. Nf3 Nc6 3. Bc4 Bc5 4. c3 Nf6 5. d4 exd4 6. cxd4 Bb4+ 7. Nc3 Nxe4 8. O-O Nxc3 9. bxc3 Be7 10. d5 Na5 11. Bd3 O-O 12. Re1 Bf6 13. Bc2 Bxc3 14. Qd3 f5 15. Qxc3 b6 16. Bg5 Rf6 17. Bxf6 Qxf6 18. Qxf6 gxf6 19. Bxf5 Nb7 20. Re8+ Kf7 21. Rae1 Nd6 22. R1e7# 1-0

[Event "FRA-ch Youth U12 2018"]
[Site "Agen"]
[Date "2018.04.22"]
[Round "9"]
[White "Milojevic-Daim, Lola-Shaina"]
[Black "Pentcheff, Laura"]
[Result "0-1"]
[ECO "B07"]
[WhiteElo "1316"]
[BlackElo "1512"]
[Annotator "NA RC"]
[PlyCount "106"]
[EventDate "2018.??.??"]
[EventType "swiss"]
[EventCountry "FRA"]
[SourceTitle "playchess.com"]
[Source "ChessBase"]
[SourceQuality "1"]
[TimeControl "5400+30"]

1. e4 d6 2. d4 Nf6 3. Nc3 g6 4. Be3 Bg7 5. f3 O-O 6. Qd2 c6 7. Bh6 b5 8. h4 b4 9. Nce2 a5 10. h5 e5 11. hxg6 fxg6 12. Bxg7 Kxg7 13. Qh6+ Kg8 14. g4 Qe7 15. Ng3 exd4 16. N1e2 c5 17. Nf4 Qg7 18. Qg5 Qf7 19. Rh6 Nxe4 20. Nxe4 Qxf4 21. Qxf4 Rxf4 22. Nxd6 Ba6 23. Bg2 Nd7 24. O-O-O Ne5 25. Rdh1 Ra7 26. Ne4 Nxf3 27. Bxf3 Rxf3 28. Nxc5 Rf1+ 29. Rxf1 Bxf1 30. Rh1 Be2 31. g5 Rc7 32. Ne6 Rd7 33. Re1 Bc4 34. Kd2 Bxe6 35. Rxe6 Rd5 36. Re4 Rxg5 37. Rxd4 h5 38. Ke3 Rg3+ 39. Kf4 Rg4+ 40. Ke3 Rxd4 41. Kxd4 Kg7 42. Ke4 Kf6 43. Kf4 g5+ 44. Kg3 h4+ 45. Kf3 Kf5 46. Kf2 Kf4 47. Kg2 g4 48. Kf2 h3 49. Kg1 g3 50. c4 bxc3 51. bxc3 Kf3 52. c4 h2+ 53. Kh1 g2+ 0-1